TOP OF THE 1ST |
John Jay HS Patriots batting - Pitching for Maize HS : LHP Rubén Gutiérrez
|
Pitching: LHP Rubén Gutiérrez
|
|
Batting: RHB Nick Simmons
|
0-0: Ball 1-0: Ball 2-0: Ball 3-0: Base on Balls
|
Batting: RHB Jeff Benson
|
0-0: Foul Ball, location: 2F 0-1: Swinging Strike 0-2: SINGLE (Groundball, 6MD) Nick Simmons to second Nick Simmons to third
|
Batting: RHB Ronald Cleveland
|
0-0: Called Strike 0-1: Called Strike 0-2: Foul Ball, location: 2F 0-2: Ball 1-2: Fly out, F9 (Flyball, 9) Runner from 3rd tags up, SCORES, no throw
|
Batting: RHB Weldon Bell
|
0-0: Ball Jeff Benson is caught stealing 2nd base 1-0: Called Strike 1-1: Ball 2-1: SINGLE (Groundball, 6MD)
|
Batting: SHB Oliver Miles
|
0-0: Called Strike 0-1: Ball 1-1: Ball 2-1: Fielders Choice at 2nd, 5-4 (Groundball, 56)
|
Top of the 1st over - 1 run(s), 2 hit(s), 0 error(s), 0 left on base; John Jay HS 1 - Maize HS 0 |
BOTTOM OF THE 1ST |
Maize HS batting - Pitching for John Jay HS Patriots : RHP Dave Lee
|
Pitching: RHP Dave Lee
|
|
Batting: LHB Ed Nelson
|
0-0: Ball 1-0: Ball 2-0: Foul Ball, location: 2F 2-1: Ball 3-1: Foul Ball, location: 2F 3-2: Base on Balls
|
Batting: SHB Tony Morrison
|
0-0: Ball 1-0: Ball 2-0: SINGLE (Flyball, 78S) Ed Nelson to second
|
Batting: LHB Seth Sullivan
|
0-0: Ball 1-0: Ball 2-0: Ball 3-0: Called Strike 3-1: Base on Balls Ed Nelson to third Tony Morrison to second
|
Batting: SHB Álex Vega
|
0-0: Ball 1-0: Ball 2-0: Fly out, F4 (Flyball, 4MD)
|
Batting: RHB Pedro Casillas
|
0-0: Foul Ball, location: 2F 0-1: Ball 1-1: Foul Ball, location: 2F 1-2: Ball 2-2: SINGLE (Groundball, 56) (infield hit) Ed Nelson scores Tony Morrison to third Seth Sullivan to second
|
Batting: RHB Fletcher Richardson
|
0-0: Ball 1-0: Foul Ball, location: 2F 1-1: SINGLE (Line Drive, 6) Tony Morrison scores Seth Sullivan to third Pedro Casillas to second Runner from 3rd tries for Home, SAFE, throw made home Pedro Casillas to third Fletcher Richardson to second
|
Batting: RHB Frank Reed
|
0-0: Called Strike 0-1: Swinging Strike 0-2: Foul Ball, location: 2F 0-2: Ball 1-2: Ball 2-2: Reached on error, E5 (Popup, 5L) Pedro Casillas scores Fletcher Richardson to third
|
Batting: RHB Nelson Martínez
|
0-0: Ball 1-0: SINGLE (Groundball, 4MD) Fletcher Richardson scores Frank Reed to second Runner from 2nd tries for 3rd, SAFE, throw made to third
|
Batting: LHB Chad Aguilar
|
0-0: Called Strike Nelson Martínez steals 2nd base 0-1: Swinging Strike 0-2: Ball 1-2: Strikes out swinging
|
Batting: LHB Ed Nelson
|
0-0: Ball 1-0: Ball 2-0: SINGLE (Groundball, 3D) Frank Reed scores Nelson Martínez to third Throwing error, E9 Nelson Martínez scores Ed Nelson to second
|
Pitching: RHP José Ramírez
|
|
Batting: SHB Tony Morrison
|
0-0: Called Strike 0-1: Ball 1-1: Ball 2-1: Ball 3-1: SINGLE (Line Drive, 7S) Ed Nelson to third
|
Batting: LHB Seth Sullivan
|
0-0: Ball 1-0: Called Strike 1-1: Single, Error in OF, E8, batter to second base Ed Nelson scores Tony Morrison to third
|
Batting: SHB Álex Vega
|
0-0: DOUBLE (Line Drive, 89D) Tony Morrison scores Seth Sullivan scores
|
Batting: RHB Pedro Casillas
|
0-0: Ball 1-0: Ball 2-0: Ball 3-0: Called Strike 3-1: Base on Balls
|
Batting: RHB Fletcher Richardson
|
0-0: Ball 1-0: Fielders Choice at 2nd, 6-4 (Groundball, 6)
|
Bottom of the 1st over - 10 run(s), 8 hit(s), 3 error(s), 1 left on base; John Jay HS 1 - Maize HS 10 |
TOP OF THE 2ND |
John Jay HS Patriots batting - Pitching for Maize HS : LHP Rubén Gutiérrez
|
Batting: RHB Nick Carter
|
0-0: Foul Ball, location: 2F 0-1: Ball 1-1: Ball 2-1: Called Strike 2-2: Foul Ball, location: 2F 2-2: SINGLE (Flyball, 89M)
|
Batting: RHB Broderick Banks
|
0-0: Ball 1-0: Swinging Strike 1-1: Ball 2-1: Swinging Strike 2-2: Strikes out swinging
|
Batting: RHB Dave Hayes
|
0-0: Called Strike 0-1: Ball 1-1: Ball 2-1: Swinging Strike 2-2: Strikes out swinging
|
Batting: RHB Ken Williams
|
0-0: Ball 1-0: Ball 2-0: DOUBLE (Line Drive, 78M) Nick Carter to third Runner from 3rd tries for Home, SAFE, no throw
|
Batting: RHB Nick Simmons
|
0-0: Ball 1-0: Ball 2-0: Called Strike 2-1: Ball 3-1: Base on Balls
|
Batting: RHB Jeff Benson
|
0-0: Fly out, F4 (Popup, 34D)
|
Top of the 2nd over - 1 run(s), 2 hit(s), 0 error(s), 2 left on base; John Jay HS 2 - Maize HS 10 |
BOTTOM OF THE 2ND |
Maize HS batting - Pitching for John Jay HS Patriots : RHP José Ramírez
|
Batting: RHB Frank Reed
|
0-0: Swinging Strike 0-1: Foul Ball, location: 2F 0-2: Foul Ball, location: 2F 0-2: Foul Ball, location: 2F 0-2: Ball 1-2: Foul Ball, location: 2F 1-2: Ball 2-2: Foul Ball, location: 2F 2-2: Ball 3-2: Foul Ball, location: 2F 3-2: Foul Ball, location: 2F 3-2: SINGLE (Groundball, 56S) (infield hit)
|
Batting: RHB Nelson Martínez
|
0-0: Ball 1-0: Ball 2-0: Ball 3-0: Base on Balls Frank Reed to second
|
Batting: LHB Chad Aguilar
|
0-0: Grounds out, U3 (Groundball, 3L) Frank Reed to third
|
Batting: LHB Ed Nelson
|
0-0: SINGLE (Line Drive, 7S) Frank Reed scores Nelson Martínez to third
|
Batting: SHB Tony Morrison
|
0-0: Ball 1-0: Ball 2-0: Ball 3-0: Called Strike 3-1: Foul Ball, location: 2F 3-2: Fielders Choice at 2nd, 6-4 (Groundball, 6) Nelson Martínez scores
|
Pitching: RHP Carlos Esparza
|
|
Batting: LHB Seth Sullivan
|
0-0: Ball 1-0: Ball 2-0: Ball 3-0: Called Strike 3-1: Foul Ball, location: 2F 3-2: Fly out, F9 (Flyball, 89M)
|
Bottom of the 2nd over - 2 run(s), 2 hit(s), 0 error(s), 1 left on base; John Jay HS 2 - Maize HS 12 |
TOP OF THE 3RD |
John Jay HS Patriots batting - Pitching for Maize HS : LHP Rubén Gutiérrez
|
Batting: RHB Ronald Cleveland
|
0-0: Called Strike 0-1: Ball 1-1: Foul Ball, location: 2F 1-2: Ball 2-2: Ball 3-2: Base on Balls
|
Batting: RHB Weldon Bell
|
0-0: Ball 1-0: Fly out, F5 (Popup, 56S)
|
Batting: SHB Oliver Miles
|
0-0: Ball 1-0: Ball 2-0: Ball 3-0: Called Strike 3-1: Base on Balls Ronald Cleveland to second
|
Batting: RHB Nick Carter
|
0-0: Foul Ball, location: 2F 0-1: DOUBLE (Flyball, 78M) Ronald Cleveland scores Oliver Miles to third
|
Batting: RHB Broderick Banks
|
0-0: Called Strike 0-1: Ball 1-1: 3-RUN HOME RUN (Flyball, 7D), Distance : 384 ft
|
Batting: RHB Dave Hayes
|
0-0: Ball 1-0: Ball 2-0: Ball 3-0: Called Strike 3-1: Base on Balls
|
Batting: RHB Ken Williams
|
0-0: Called Strike 0-1: Ball 1-1: Grounds into double play, 6-4-3 (Groundball, 6)
|
Top of the 3rd over - 4 run(s), 2 hit(s), 0 error(s), 0 left on base; John Jay HS 6 - Maize HS 12 |
BOTTOM OF THE 3RD |
Maize HS batting - Pitching for John Jay HS Patriots : RHP Carlos Esparza
|
Batting: SHB Álex Vega
|
0-0: Ball 1-0: Ground out 4-3 (Groundball, 4)
|
Batting: RHB Pedro Casillas
|
0-0: Called Strike 0-1: Ball 1-1: Foul Ball, location: 2F 1-2: Ball 2-2: Ground out 6-3 (Groundball, 6)
|
Batting: RHB Fletcher Richardson
|
0-0: Ball 1-0: Foul Ball, location: 2F 1-1: Foul Ball, location: 2F 1-2: Ball 2-2: Foul Ball, location: 2F 2-2: Fly out, F6 (Line Drive, 6)
|
Bottom of the 3rd over - 0 run(s), 0 hit(s), 0 error(s), 0 left on base; John Jay HS 6 - Maize HS 12 |
TOP OF THE 4TH |
John Jay HS Patriots batting - Pitching for Maize HS : LHP Rubén Gutiérrez
|
Batting: RHB Nick Simmons
|
0-0: Ball 1-0: Fly out, F8 (Flyball, 8LM)
|
Batting: RHB Jeff Benson
|
0-0: Called Strike 0-1: Ball 1-1: Fly out, F9 (Flyball, 9)
|
Batting: RHB Ronald Cleveland
|
0-0: Ball 1-0: Ball 2-0: Ball 3-0: Base on Balls
|
Pitching: LHP Ángel Quintana
|
|
Batting: RHB Weldon Bell
|
0-0: Ball 1-0: DOUBLE (Line Drive, 7LS) Ronald Cleveland to third Runner from 3rd tries for Home, SAFE, no throw
|
Batting: SHB Oliver Miles
|
0-0: Ball 1-0: Swinging Strike 1-1: Called Strike 1-2: Strikes out swinging
|
Top of the 4th over - 1 run(s), 1 hit(s), 0 error(s), 1 left on base; John Jay HS 7 - Maize HS 12 |
BOTTOM OF THE 4TH |
Maize HS batting - Pitching for John Jay HS Patriots : RHP Carlos Esparza
|
Batting: RHB Frank Reed
|
0-0: SINGLE (Line Drive, 8RS)
|
Batting: RHB Nelson Martínez
|
0-0: Ball 1-0: Called Strike 1-1: Ball 2-1: Ball 3-1: Foul Ball, location: 2F 3-2: Foul Ball, location: 2F 3-2: Base on Balls Frank Reed to second
|
Batting: LHB Chad Aguilar
|
0-0: Swinging Strike 0-1: Foul Ball, location: 2F 0-2: Ball 1-2: Foul Ball, location: 2F 1-2: Strikes out looking
|
Batting: LHB Ed Nelson
|
0-0: Ball 1-0: Swinging Strike 1-1: Foul Ball, location: 2F 1-2: Foul Ball, location: 2F 1-2: Ball 2-2: Foul Ball, location: 2F 2-2: Foul Ball, location: 2F 2-2: SINGLE (Line Drive, 89S) Frank Reed to third Nelson Martínez to second
|
Batting: SHB Tony Morrison
|
0-0: SINGLE (Groundball, 34D) Frank Reed scores Nelson Martínez to third Ed Nelson to second Runner from 3rd tries for Home, SAFE, no throw
|
Batting: LHB Seth Sullivan
|
0-0: SINGLE (Groundball, 6MD) Ed Nelson to third Tony Morrison to second
|
Batting: SHB Álex Vega
|
0-0: Ball 1-0: Ball 2-0: Ball 3-0: Base on Balls Ed Nelson scores Tony Morrison to third Seth Sullivan to second
|
Batting: RHB Pedro Casillas
|
0-0: Called Strike 0-1: Ball 1-1: DOUBLE (Line Drive, 78D) Tony Morrison scores Seth Sullivan scores Álex Vega to third
|
Pitching: LHP Ed Voight
|
|
Batting: RHB Fletcher Richardson
|
0-0: Ball 1-0: Swinging Strike 1-1: Foul Ball, location: 2F 1-2: Foul Ball, location: 2F 1-2: Ball 2-2: Foul Ball, location: 2F 2-2: SINGLE (Line Drive, 4M) Álex Vega scores Pedro Casillas to third
|
Batting: RHB Frank Reed
|
0-0: Called Strike 0-1: Ball 1-1: Called Strike 1-2: Ball 2-2: Strikes out looking
|
Batting: RHB Nelson Martínez
|
0-0: Fielders Choice at 2nd, U4 (Groundball, 4M)
|
Bottom of the 4th over - 6 run(s), 6 hit(s), 0 error(s), 2 left on base; John Jay HS 7 - Maize HS 18 |
TOP OF THE 5TH |
John Jay HS Patriots batting - Pitching for Maize HS : LHP Ángel Quintana
|
Batting: RHB Nick Carter
|
0-0: Ball 1-0: Foul Ball, location: 2F 1-1: Ground out 6-3 (Groundball, 6)
|
Batting: RHB Broderick Banks
|
0-0: Called Strike 0-1: Ball 1-1: Swinging Strike 1-2: Strikes out swinging
|
Batting: RHB Dave Hayes
|
0-0: Ball 1-0: Ball 2-0: Ball 3-0: Called Strike 3-1: Called Strike 3-2: SINGLE (Line Drive, 6M)
|
Batting: RHB Ken Williams
|
0-0: SINGLE (Groundball, 6MD) Dave Hayes to second Runner from 2nd tries for 3rd, SAFE, no throw
|
Batting: RHB Nick Simmons
|
0-0: Ball 1-0: Ball 2-0: Ball 3-0: Base on Balls Ken Williams to second
|
Batting: RHB Jeff Benson
|
0-0: Ground out 1-3 (Groundball, 13)
|
Top of the 5th over - 0 run(s), 2 hit(s), 0 error(s), 3 left on base; John Jay HS 7 - Maize HS 18 |
BOTTOM OF THE 5TH |
Maize HS batting - Pitching for John Jay HS Patriots : LHP Ed Voight
|
Batting: LHB Chad Aguilar
|
0-0: Called Strike 0-1: Swinging Strike 0-2: Strikes out swinging
|
Batting: LHB Ed Nelson
|
0-0: Ball 1-0: Foul Ball, location: 2F 1-1: SINGLE (Flyball, 9LS)
|
Batting: SHB Tony Morrison
|
0-0: Ball 1-0: Ball 2-0: Called Strike 2-1: Fly out, F8 (Flyball, 8RM)
|
Batting: LHB Seth Sullivan
|
0-0: Ball 1-0: Foul Ball, location: 2F 1-1: Ball 2-1: Ball 3-1: Base on Balls Ed Nelson to second
|
Batting: SHB Álex Vega
|
0-0: Ball 1-0: Ball 2-0: Called Strike 2-1: Ball 3-1: Foul Ball, location: 2F 3-2: DOUBLE (Flyball, 78XD) Ed Nelson scores Seth Sullivan to third Seth Sullivan scores
|
Batting: RHB Pedro Casillas
|
0-0: Ball Wild Pitch! Álex Vega to third 1-0: Called Strike 1-1: Swinging Strike 1-2: Ball 2-2: Foul Ball, location: 2F 2-2: Strikes out swinging
|
Bottom of the 5th over - 2 run(s), 2 hit(s), 0 error(s), 1 left on base; John Jay HS 7 - Maize HS 20 |
TOP OF THE 6TH |
John Jay HS Patriots batting - Pitching for Maize HS : LHP Ángel Quintana
|
Batting: RHB Ronald Cleveland
|
0-0: Called Strike 0-1: Foul Ball, location: 2F 0-2: Ball 1-2: Ball 2-2: Fly out, F9 (Line Drive, 9)
|
Batting: RHB Weldon Bell
|
0-0: Ball 1-0: Ball 2-0: Called Strike 2-1: Foul Ball, location: 2F 2-2: Foul Ball, location: 2F 2-2: Foul Ball, location: 2F 2-2: Ball 3-2: Foul Ball, location: 2F 3-2: DOUBLE (Line Drive, 78D)
|
Batting: SHB Oliver Miles
|
0-0: Foul Ball, location: 2F 0-1: Ball 1-1: Fly out, F8 (Line Drive, 8LM)
|
Batting: RHB Nick Carter
|
0-0: Ball 1-0: SINGLE (Line Drive, 34) Weldon Bell to third
|
Batting: RHB Broderick Banks
|
0-0: Ball 1-0: Called Strike 1-1: Ball 2-1: Ball 3-1: Base on Balls Nick Carter to second
|
Batting: RHB Dave Hayes
|
0-0: Ball 1-0: Ball 2-0: Foul Ball, location: 2F 2-1: Fielders Choice at 2nd, 6-4 (Groundball, 6)
|
Top of the 6th over - 0 run(s), 2 hit(s), 0 error(s), 2 left on base; John Jay HS 7 - Maize HS 20 |
BOTTOM OF THE 6TH |
Maize HS batting - Pitching for John Jay HS Patriots : LHP Ed Voight
|
Batting: RHB Fletcher Richardson
|
0-0: Ball 1-0: Called Strike 1-1: Ball 2-1: Foul Ball, location: 2F 2-2: Ball 3-2: Foul Ball, location: 2F 3-2: Base on Balls
|
Batting: RHB Frank Reed
|
0-0: Called Strike 0-1: Ball 1-1: Grounds into double play, 4-6-3 (Groundball, 4)
|
Batting: RHB Nelson Martínez
|
0-0: Ball 1-0: SINGLE (Groundball, 34D)
|
Batting: LHB Chad Aguilar
|
0-0: Ground out U3 (Groundball, 3)
|
Bottom of the 6th over - 0 run(s), 1 hit(s), 0 error(s), 1 left on base; John Jay HS 7 - Maize HS 20 |
TOP OF THE 7TH |
John Jay HS Patriots batting - Pitching for Maize HS : LHP Ángel Quintana
|
Pitching: LHP Júlio Bernal
|
|
Batting: RHB Ken Williams
|
0-0: Ground out 5-3 (Groundball, 56)
|
Batting: RHB Nick Simmons
|
0-0: Foul Ball, location: 2F 0-1: Ball 1-1: Foul Ball, location: 2F 1-2: Ball 2-2: Foul Ball, location: 2F 2-2: Foul Ball, location: 2F 2-2: Ball 3-2: Base on Balls
|
Batting: RHB Jeff Benson
|
0-0: Ball 1-0: Ball 2-0: Fly out, F2 (Popup, 25)
|
Batting: RHB Ronald Cleveland
|
0-0: Ball 1-0: Ball 2-0: Called Strike 2-1: Foul Ball, location: 2F 2-2: Ball 3-2: Base on Balls Nick Simmons to second
|
Batting: RHB Weldon Bell
|
0-0: Ball 1-0: Called Strike 1-1: Swinging Strike 1-2: Ball 2-2: Ball 3-2: Base on Balls Nick Simmons to third Ronald Cleveland to second
|
Batting: SHB Oliver Miles
|
0-0: Swinging Strike 0-1: Foul Ball, location: 2F 0-2: Ball 1-2: Foul Ball, location: 2F 1-2: Ball 2-2: Foul Ball, location: 2F 2-2: Strikes out swinging
|
Top of the 7th over - 0 run(s), 0 hit(s), 0 error(s), 3 left on base; John Jay HS 7 - Maize HS 20 |
BOTTOM OF THE 7TH |
Maize HS batting - Pitching for John Jay HS Patriots : LHP Ed Voight
|
Pitching: LHP César Román
|
|
Batting: LHB Ed Nelson
|
0-0: Ball 1-0: Called Strike 1-1: Ball 2-1: Ball 3-1: Called Strike 3-2: Base on Balls
|
Batting: SHB Tony Morrison
|
0-0: Ball 1-0: Ball 2-0: Called Strike 2-1: SINGLE (Line Drive, 8RS) Ed Nelson to second
|
Batting: LHB Seth Sullivan
|
0-0: Foul Ball, location: 2F 0-1: Ball 1-1: Ball 2-1: Foul Ball, location: 2F 2-2: Ball 3-2: Ground out U3 (Groundball, 34S) Ed Nelson to third Tony Morrison to second
|
Batting: SHB Álex Vega
|
0-0: Called Strike 0-1: Ball 1-1: Fly out, F7 (Flyball, 7S)
|
Batting: RHB Pedro Casillas
|
0-0: Foul Ball, location: 2F 0-1: Ball 1-1: Called Strike 1-2: Foul Ball, location: 2F 1-2: Foul Ball, location: 2F 1-2: Strikes out swinging
|
Bottom of the 7th over - 0 run(s), 1 hit(s), 0 error(s), 2 left on base; John Jay HS 7 - Maize HS 20 |
TOP OF THE 8TH |
John Jay HS Patriots batting - Pitching for Maize HS : LHP Júlio Bernal
|
Batting: RHB Nick Carter
|
0-0: Ball 1-0: Ground out 6-3 (Groundball, 6S)
|
Batting: RHB Broderick Banks
|
0-0: Hit by Pitch
|
Batting: RHB Dave Hayes
|
0-0: Foul Ball, location: 2F 0-1: Called Strike 0-2: Ball 1-2: Ball 2-2: Foul Ball, location: 2F 2-2: Foul Ball, location: 2F 2-2: Strikes out swinging
|
Batting: RHB Ken Williams
|
0-0: Ball 1-0: Ball 2-0: Called Strike 2-1: Ball 3-1: Reached on error, E6 (Groundball, 56) Broderick Banks to second
|
Batting: RHB Nick Simmons
|
0-0: Called Strike 0-1: Ball 1-1: Called Strike 1-2: Ground out 3-1 (Groundball, 34S)
|
Top of the 8th over - 0 run(s), 0 hit(s), 1 error(s), 2 left on base; John Jay HS 7 - Maize HS 20 |
BOTTOM OF THE 8TH |
Maize HS batting - Pitching for John Jay HS Patriots : LHP César Román
|
Batting: RHB Fletcher Richardson
|
0-0: Ball 1-0: Called Strike 1-1: Fly out, F6 (Line Drive, 6)
|
Batting: RHB Frank Reed
|
0-0: Ball 1-0: Fly out, F9 (Flyball, 9S)
|
Batting: RHB Nelson Martínez
|
0-0: Ball 1-0: Ball 2-0: Ball 3-0: Base on Balls
|
Batting: LHB Chad Aguilar
|
0-0: Ball 1-0: Fielders Choice at 2nd, 4-6 (Groundball, 4)
|
Bottom of the 8th over - 0 run(s), 0 hit(s), 0 error(s), 0 left on base; John Jay HS 7 - Maize HS 20 |
TOP OF THE 9TH |
John Jay HS Patriots batting - Pitching for Maize HS : LHP Júlio Bernal
|
Batting: RHB Jeff Benson
|
0-0: Ball 1-0: Ground out 6-3 (Groundball, 6)
|
Pitching: RHP Nick Reyes
|
|
Batting: RHB Ronald Cleveland
|
0-0: Called Strike 0-1: Foul Ball, location: 2F 0-2: Foul Ball, location: 2F 0-2: Foul Ball, location: 2F 0-2: DOUBLE (Line Drive, 7LM)
|
Batting: RHB Weldon Bell
|
0-0: Called Strike 0-1: DOUBLE (Line Drive, 9LM) Ronald Cleveland scores
|
Batting: SHB Oliver Miles
|
0-0: Ground out 3-1 (Groundball, 34S) Weldon Bell to third
|
Batting: RHB Nick Carter
|
0-0: Called Strike 0-1: Called Strike 0-2: Ball 1-2: Foul Ball, location: 2F 1-2: Foul Ball, location: 2F 1-2: Strikes out swinging
|
Top of the 9th over - 1 run(s), 2 hit(s), 0 error(s), 1 left on base; John Jay HS 8 - Maize HS 20 |
|